 Dungeon Crawl Stone Soup version bcrawl-1.27.6 (webtiles) character file.

Game seed: 2538999870691769631

319686 Faustar the Fighter (level 10, 0/93 HPs)
             Began as a Black Draconian Conjurer on Sept 9, 2020.
             Was a Believer of Vehumet.
             Succumbed to Psyche's poison
             ... on level 8 of the Dungeon.
             The game lasted 00:26:35 (8252 turns).

Faustar the Fighter (Black Draconian Conjurer)      Turns: 8252, Time: 00:26:35

Health: 0/93       AC: 15    Str: 12    XL:     10   Next: 41%
Magic:  11/21      EV: 12    Int: 18    God:    Vehumet [**....]
Gold:   462        SH:  3    Dex: 11    Spells: 17/24 levels left

rFire    . . .     SeeInvis +   o - +2 short sword (speed)
rCold    . . .     Gourm    .   (no shield)
rNeg     . . .     Faith    .   (armour unavailable)
rPois    .         Spirit   .   y - +2 hat
rElec    +         Reflect  +   (no cloak)
rCorr    .         Harm     .   (no gloves)
MR       .....                  (no boots)
Stlth    ++........             f - +3 amulet of reflection
HPRegen  0.25/turn              p - +6 ring of protection
MPRegen  0.17/turn              I - ring of see invisible

@: lethally poisoned (0 -> -34), slowed, very slow
A: breathe lightning, unfitting armour, electricity resistance, cold-blooded, AC
+7
a: Breathe Lightning, Renounce Religion


You were on level 8 of the Dungeon.
You worshipped Vehumet.
Vehumet was pleased with you.
You were hungry.

You visited 2 branches of the dungeon, and saw 9 of its levels.

You collected 522 gold pieces.
You spent 60 gold pieces at shops.

Inventory:

Hand Weapons
 o - a +2 short sword of speed (weapon)
Armour
 v - a +0 medium shield
 y - a +2 hat (worn)
 E - a +0 buckler
Jewellery
 f - a +3 amulet of reflection (around neck)
 p - a +6 ring of protection (left hand)
 s - an uncursed ring of stealth
 t - a +8 ring of strength
 I - a ring of see invisible (right hand)
Wands
 k - a wand of digging (20)
 w - a wand of enslavement (11)
 x - a wand of polymorph (10)
 D - a wand of flame (19)
 F - a wand of iceblast (8)
Scrolls
 d - 3 scrolls of enchant armour
 g - 3 scrolls of identify
 h - a scroll of fog
 i - 2 scrolls of magic mapping
 j - 3 scrolls of teleportation
 q - a scroll of amnesia {unknown}
 u - 2 scrolls of enchant weapon
 C - 2 scrolls of fear
 G - a scroll of remove curse
Potions
 a - 2 potions of might
 b - 3 potions of magic
 c - a potion of heal wounds
 l - a potion of lignification
 m - 4 potions of curing
 n - 2 potions of haste {unknown}
 r - a potion of mutation
 z - a potion of agility
 A - a potion of flight
 B - 2 potions of cancellation
Comestibles
 e - 12 rations {!d}
 H - 5 chunks of flesh


   Skills:
 - Level 10.0 Fighting
 - Level 1.7 Dodging
 - Level 2.0 Stealth
 + Level 7.9 Spellcasting
 + Level 9.3 Conjurations
 - Level 6.0 Hexes


You had 17 spell levels left.
You knew the following spells:

 Your Spells              Type           Power        Failure   Level  Hunger
a - Magic Dart            Conj           ####         1%          1    None
b - Searing Ray           Conj           #####...     1%          2    None
c - Fulminant Prism       Conj/Hex       ####......   1%          4    ###....

Your spell library contained the following spells:

 Spells                   Type           Power        Failure   Level  Hunger
 Sandblast                Erth           #.....       2%          1    None
 Iskenderun's Mystic Bla  Conj           #####...     1%          3    None
 Irradiate                Conj/Tmut      ###.......   11%         5    #####..


Dungeon Overview and Level Annotations

Branches:
Dungeon (8/12)             Temple (1/1) D:7
   Lair: D:7-9          Orc: D:8-11

Altars:
Fedhas
Qazlal
Uskayaw
Vehumet
Wu Jian

Shops:
D:4 (   D:7 *   D:8 }

Annotations:
D:8 Harold, Psyche


Innate Abilities, Weirdness & Mutations

You can breathe wild blasts of lightning.
Your glossy black scales are hard. (AC +7)
You cannot fit into any form of body armour.
You are resistant to electric shocks. (rElec)
You are cold-blooded and may be slowed by cold attacks.


Message History

You feel very sick.
The orc wizard is no longer moving quickly.
Psyche misses you.
The orc wizard casts a spell.
The orc wizard seems to speed up.
The crimson imp closely misses you.
Harold hits you from afar with a +1 trident of piercing!
Snnnck.
Psyche casts a spell at you.
You are lethally poisoned!
The poison arrow hits you!
* * * LOW HITPOINT WARNING * * *
* * * LOW HITPOINT WARNING * * *
You feel very sick. You block the crimson imp's attack.
Psyche hits you but does no damage.
You are more poisoned.
The crimson imp hits you with a +0 hand axe.
* * * LOW HITPOINT WARNING * * *
Things that are here:
a cursed +0 flail; a +0 chain mail You die...

### ######≈##### ######
#....#≈#...# #....# #.....≈....#
#.##.# #.....≈....# ##.##.#
#.....÷....######### ......#
#...<#≈#..(#........
......#######...@#≈#...#.##.....
.....>..........)#≈#.).)...).P..
##.##.......[..@5###........P.P.
#.##########..@co.....#........
##.# #................... ...#
##.........PP..P#### .###
#>....≈.)..P...# .#
#....≈≈≈....P..# .#
#....≈≈.'.P..P.#


You could see Harold, Psyche, a centaur, an orc wizard and a crimson imp.

Vanquished Creatures
  Pikel (D:5)
  3 trolls
  3 hippogriffs
  Menkaure (D:7)
  A water moccasin (D:7)
  3 porcupines (D:8)
  3 orc warriors
  2 slaves (D:5)
  2 sky beasts
  3 centaurs
  5 ogres
  2 big kobolds (D:7)
  3 bullfrogs
  2 wyvern zombies
  2 scorpions
  7 wights
  3 howler monkeys
  10 crimson imps
  2 bullfrog zombies
  2 hounds
  2 orc priests
  A jelly (D:7)
  5 orc wizards
  A centaur skeleton (D:6)
  Jessica (D:2)
  An iguana (D:7)
  5 worker ants
  A hound zombie (D:3)
  2 hound skeletons (D:5)
  4 gnolls (D:8)
  6 adders
  A shadow imp (D:5)
  An adder zombie (D:5)
  3 worms
  A dart slug (D:3)
  8 leopard geckos
  30 orcs
  A giant cockroach (D:1)
  3 hobgoblins
  16 kobolds
  A quokka (D:4)
  4 bats
  3 frilled lizards (D:2)
  3 goblins
  A quokka zombie (D:5)
  6 rats
  2 plants
173 creatures vanquished.

Vanquished Creatures (others)
  2 slaves (D:5)
  A centaur (D:5)
  A bat (D:1)
  38 fulminant prisms
  13 fungi (D:8)
  8 plants (D:8)
63 creatures vanquished.

Grand Total: 236 creatures vanquished

Notes
Turn   | Place    | Note
-------+----------+-------------------------------------------
     0 | D:1      | Faustar the Draconian Conjurer began the quest for the Orb.
     0 | D:1      | Reached XP level 1. HP: 14/14 MP: 3/3
   297 | D:1      | Reached XP level 2. HP: 20/20 MP: 1/5
   774 | D:2      | Learned a level 2 spell: Searing Ray
  1295 | D:2      | Noticed Jessica
  1305 | D:2      | Killed Jessica
  1305 | D:2      | Reached XP level 3. HP: 17/26 MP: 0/7
  1886 | D:3      | Noticed an ogre
  1895 | D:3      | Killed an ogre
  1895 | D:3      | Reached skill level 5 in Conjurations
  1895 | D:3      | Reached XP level 4. HP: 33/33 MP: 0/9
  1895 | D:3      | Reached XP level 5. HP: 38/38 MP: 0/10
  2267 | D:3      | Learned a level 4 spell: Fulminant Prism
  3315 | D:4      | Reached XP level 6. HP: 39/45 MP: 4/12
  3434 | D:4      | Found a stormy altar of Qazlal.
  3453 | D:4      | Noticed a sky beast
  3682 | D:4      | Killed a sky beast
  3773 | D:4      | Your scales start taking on a glossy black colour.
  3773 | D:4      | Reached XP level 7. HP: 50/50 MP: 5/14
  3773 | D:4      | Gained mutation: You are resistant to electric shocks.
                  | (rElec) [Black Draconian growth]
  4048 | D:4      | Found Woahew's Antique Weapon Shoppe.
  4175 | D:4      | Reached skill level 1 in Fighting
  4456 | D:5      | Entered Level 5 of the Dungeon
  4456 | D:5      | Noticed Pikel
  4473 | D:5      | Killed Pikel
  4473 | D:5      | Reached skill level 4 in Fighting
  4473 | D:5      | Reached skill level 5 in Hexes
  4473 | D:5      | Reached XP level 8. HP: 37/66 MP: 8/15
  4475 | D:5      | Reached skill level 5 in Fighting
  4498 | D:5      | Reached skill level 6 in Fighting
  4653 | D:5      | Found a blossoming altar of Fedhas.
  4703 | D:5      | Reached skill level 7 in Fighting
  4809 | D:4      | Reached skill level 8 in Fighting
  4998 | D:5      | Noticed a +0 hand axe
  4999 | D:5      | Found a hide-covered altar of Uskayaw.
  5001 | D:5      | Noticed a +0 hand axe
  5359 | D:5      | Reached skill level 9 in Fighting
  5670 | D:6      | Reached XP level 9. HP: 82/85 MP: 9/16
  5703 | D:6      | Reached skill level 10 in Fighting
  5796 | D:6      | Reached skill level 5 in Spellcasting
  6109 | D:6      | Found a radiant altar of Vehumet.
  6171 | D:6      | Became a worshipper of Vehumet
  6592 | D:7      | Found Syptup's General Store.
  6663 | D:7      | Bought a scroll of fear for 60 gold pieces
  6767 | D:7      | Noticed Menkaure
  6773 | D:7      | Killed Menkaure
  6959 | D:7      | Reached * piety under Vehumet
  6959 | D:7      | Offered knowledge of Flame Tongue by Vehumet.
  7084 | D:7      | Noticed a troll
  7095 | D:7      | Killed a troll
  7171 | D:7      | Found a staircase to the Ecumenical Temple.
  7534 | Temple   | Entered the Ecumenical Temple
  7600 | D:8      | Noticed a troll
  7607 | D:8      | Killed a troll
  7612 | D:8      | Reached XP level 10. HP: 82/93 MP: 8/20
  7870 | D:8      | Found Ledoilil's Gadget Shoppe.
  8232 | D:8      | Reached ** piety under Vehumet
  8237 | D:8      | Offered knowledge of Sandblast by Vehumet.
  8239 | D:8      | Noticed Harold
  8243 | D:8      | Noticed Psyche
  8251 | D:8      | HP: 3/93 [crimson imp/+0 hand axe (6)]
  8252 | D:8      | Succumbed to Psyche's poison

Skill      XL: |  1  2  3  4  5  6  7  8  9 10 |
---------------+-------------------------------+-----
Spellcasting   | 3 4 6 7 |  7.9
Conjurations   | 5 6 8 9 |  9.3
Hexes          | 2 5 6 |  6.0
Fighting       | 4 9 10 | 10.0
Dodging        | |  1.7
Stealth        | |  2.0

Action                   |  1- 3 |  4- 6 |  7- 9 | 10-12 || total
-------------------------+-------+-------+-------+-------++-------
Melee: Unarmed           |    26 |       |       |       ||    26
       Tailslap          |     9 |     3 |    17 |     1 ||    30
       Short sword       |    19 |    29 |   125 |    40 ||   213
 Cast: Magic Dart        |    55 |    66 |    87 |    30 ||   238
       Searing Ray       |     5 |     7 |    21 |     5 ||    38
       Fulminant Prism   |       |       |    22 |    16 ||    38
 Abil: Breathe Lightning |       |       |     6 |       ||     6
Evoke: Wand              |       |       |     6 |       ||     6
  Use: Potion            |       |       |     5 |       ||     5
       Scroll            |       |       |    13 |       ||    13
 Stab: Sleeping          |       |       |     1 |       ||     1
  Eat: Chunk             |     6 |     6 |    16 |     6 ||    34
       Ration            |       |       |     2 |       ||     2
Armor: Skin              |     8 |     2 |    63 |    50 ||   123
Dodge: Dodged            |    20 |    13 |   105 |    46 ||   184
Block: Other             |     5 |     5 |    23 |     7 ||    40
       Reflection        |       |       |     4 |       ||     4
